 Dungeon Crawl Stone Soup version 0.26.1-11-gd32895ea62 (webtiles) character file.

Game seed: 14739877488948575276

21809 Zeld the Geomancer (level 12, -19/75 HPs)
             Began as a Gargoyle Earth Elementalist on June 11, 2021.
             Was a Priest of Sif Muna.
             Demolished by a phantasmal warrior (31 damage)
             ... led by a death knight
             ... on level 14 of the Dungeon.
             The game lasted 00:28:50 (26804 turns).

Zeld the Geomancer (Gargoyle Earth Elementalist)   Turns: 26804, Time: 00:28:51

Health: -19/75     AC: 14    Str: 12    XL:     12   Next: 93%
Magic:  9/26       EV: 14    Int: 21    God:    Sif Muna [***...]
Gold:   305        SH:  0    Dex: 10    Spells: 16/31 levels left

rFire    . . .     SeeInvis .   a - staff of earth
rCold    . . .     Faith    .   (no shield)
rNeg     + . .     Spirit   .   s - +0 troll leather armour
rPois    ∞         Reflect  .   (no helmet)
rElec    +         Harm     .   x - +0 cloak
rCorr    .         Rampage  .   (no gloves)
Will     .....                  y - +0 pair of boots
Stlth    ++........             (no amulet)
HPRegen  0.62/turn              (no ring)
MPRegen  0.20/turn              (no ring)

@: weak-willed
A: negative energy resistance 1, electricity resistance, unbreathing,
petrification resistance, miasma immunity, AC +8
a: Renounce Religion, Channel Magic, Forget Spell


You were on level 14 of the Dungeon.
You worshipped Sif Muna.
Sif Muna was most pleased with you.
You visited 2 branches of the dungeon, and saw 15 of its levels.

You collected 942 gold pieces.
You spent 637 gold pieces at shops.

Inventory:

Missiles
 g - 121 stones (quivered)
Armour
 s - a +0 troll leather armour (worn)
 x - a +0 cloak (worn)
 y - a +0 pair of boots (worn)
Magical Staves
 a - an uncursed staff of earth (weapon)
Jewellery
 w - a +4 ring of protection
Wands
 l - a wand of enslavement (5)
 r - a wand of acid (5)
 t - a wand of iceblast (12)
 u - a wand of flame (79)
 z - a wand of paralysis (4)
 C - a wand of disintegration (18)
Scrolls
 b - 8 scrolls of remove curse
 c - a scroll of summoning
 h - 2 scrolls of enchant armour
 i - a scroll of fear
 m - 2 scrolls of enchant weapon
 n - 7 scrolls of teleportation
 p - 9 scrolls of identify
Potions
 e - 10 potions of curing
 f - 5 potions of might
 j - a potion of invisibility
 k - 2 potions of brilliance
 o - 3 potions of haste
 q - a potion of berserk rage
 A - a potion of attraction {unknown}
 B - a potion of lignification {unknown}
Miscellaneous
 v - a lightning rod (1/4)


   Skills:
 + Level 8.6 Fighting
 + Level 6.7 Dodging
 - Level 5.0 Stealth
 * Level 10.4 Spellcasting
 + Level 8.3 Conjurations
 - Level 1.0 Transmutations
 * Level 13.3 Earth Magic
 + Level 3.4 Invocations


You had 16 spell levels left.
You knew the following spells:

 Your Spells              Type           Power        Failure   Level
a - Sandblast             Erth           100%         1%          1
b - Passwall              Tmut/Erth      47%          1%          2
c - Stone Arrow           Conj/Erth      100%         1%          3
d - Petrify               Tmut/Erth      57%          4%          4
e - Lee's Rapid Deconstr  Erth           39%          1%          5

Your spell library contained the following spells:

 Spells                   Type           Power        Failure   Level


Dungeon Overview and Level Annotations

Branches:
Dungeon (14/15)            Temple (1/1) D:7            Lair (0/6) D:8
    Orc (0/2) D:9
 Vaults: D:13-14

Altars:
Ashenzari
Cheibriados
Dithmenos
Elyvilon
Fedhas
Gozag
Hepliaklqana
Kikubaaqudgha
Makhleb
Nemelex Xobeh
Okawaru
Qazlal
Ru
Sif Muna
Trog
Uskayaw
Vehumet
Wu Jian
Xom
Yredelemnul
Zin
The Shining One

Shops:
D:8 (   D:9 }   D:10 *   D:12 *

Portals:
Trove: D:12 (give horn of Geryon)

Annotations:
D:10 3 runed translucent doors


Innate Abilities, Weirdness & Mutations

You are resistant to torment.
Your stone body is resilient. (AC +8)
You are immune to poison.
You resist negative energy. (rN+)
You are resistant to electric shocks. (rElec)
You can survive without breathing.
You are immune to petrification.
You are immune to miasma.


Message History

Unknown command.
A vampire comes into view. It is quivering 6 silver javelins.
As you read the scroll of teleportation, it crumbles to dust.
You feel strangely unstable. The freezing wraith hits you!
The freezing wraith freezes you!!
The freezing wraith hits you but does no damage.
The vampire throws a silver javelin.
The silver javelin misses you.
A brown ugly thing comes into view.
You see here an arrow.
Your surroundings suddenly seem different.
A brown ugly thing comes into view.
The brown ugly thing gurgles horribly! x2
A wraith comes into view.
The phantasmal warrior hits you!
* * * LOW HITPOINT WARNING * * *
Your willpower is stripped away!
A death knight comes into view. It is wielding a +0 great sword.
The brown ugly thing barely misses you.
The phantom blinks!
The phantasmal warrior hits you!!
You die...

.......(.#
.#.#...#.#
..Z....#W##
#......#u.#
####...##(#
########## #...
#..##......... #..(
##)##....W....
#######$V#W........
....u..@W......
####..uuW.p....
##.....§....
#.######### #. #. #


You could see a death knight (wandering), 3 ugly things, 2 phantasmal warriors,
a phantom, a vampire and a wraith.

Vanquished Creatures
  Frances (D:12)
  A boulder beetle (D:12)
  Harold (D:9)
  A hydra (D:12)
  A centaur warrior (D:14)
  The ghost of Zeld the Basher, a novice DrGl of Qazlal (D:9)
  A two-headed ogre (D:14)
  3 skeletal warriors (D:13)
  2 unseen horrors
  Pikel (D:6)
  An ugly thing (D:13)
  A deep elf mage (D:12)
  A centaur zombie (D:10)
  2 cyclopes
  A manticore (D:12)
  A gargoyle (D:13)
  3 trolls
  4 slime creatures
  Sigmund (D:3)
  6 yaks
  4 humans (D:14)
  2 wyverns
  A steam dragon (D:7)
  An acid dragon (D:7)
  Duvessa (D:5)
  A water moccasin (D:11)
  2 ice beasts
  A swamp drake (D:9)
  7 orc warriors
  3 sky beasts
  An eye of draining (D:9)
  A phantom (D:12)
  A necrophage (D:8)
  3 wolves
  8 ogres
  6 centaurs
  2 big kobolds
  3 lemures
  8 bullfrogs
  Dowan (D:5)
  10 scorpions
  3 killer bees
  10 wights
  3 electric eels (D:8)
  A bullfrog zombie (D:12)
  3 jellies (D:7)
  2 gnoll shamans
  5 orc priests
  9 hounds
  12 orc wizards
  4 centaur skeletons
  2 iguanas
  Jessica (D:2)
  3 bullfrog skeletons
  Natasha (thrice) (D:2)
  11 worker ants
  A killer bee zombie (D:7)
  A hound zombie (D:6)
  A hound skeleton (D:9)
  15 gnolls
  18 adders
  4 white imps
  2 ufetubi
  An ooze (D:3)
  An adder skeleton (D:8)
  2 adder zombies (D:5)
  2 worms
  3 dart slugs
  6 leopard geckos
  54 orcs
  5 giant cockroaches
  5 goblins
  12 hobgoblins
  A jackal (D:3)
  11 kobolds
  4 quokkas
  3 ball pythons
  A ball python skeleton (D:4)
  7 bats
  9 frilled lizards
  A jackal skeleton (D:4)
  A quokka zombie (D:9)
  3 rats
347 creatures vanquished.

Vanquished Creatures (collateral kills)
  Urug (D:11)
  A worker ant (D:11)
2 creatures vanquished.

Vanquished Creatures (others)
  An orc wizard (D:9)
1 creature vanquished.

Grand Total: 350 creatures vanquished

Notes
Turn   | Place    | Note
-------+----------+-------------------------------------------
     0 | D:1      | Zeld the Gargoyle Earth Elementalist began the quest for
                  | the Orb.
     0 | D:1      | Reached XP level 1. HP: 10/10 MP: 3/3
   152 | D:1      | Reached XP level 2. HP: 15/15 MP: 0/5
   210 | D:1      | Learned a level 2 spell: Passwall
   419 | D:1      | Reached skill level 1 in Transmutations
   779 | D:1      | Reached skill level 4 in Earth Magic
   956 | D:2      | Reached skill level 1 in Fighting
   956 | D:2      | Reached XP level 3. HP: 18/20 MP: 1/6
   960 | D:2      | Learned a level 3 spell: Stone Arrow
  1097 | D:2      | Reached XP level 4. HP: 25/25 MP: 1/7
  1172 | D:2      | Noticed Jessica
  1174 | D:2      | Killed Jessica
  1304 | D:2      | Noticed Natasha
  1309 | D:2      | Killed Natasha
  1411 | D:2      | Noticed Natasha
  1420 | D:2      | Killed Natasha
  1421 | D:2      | Reached XP level 5. HP: 20/29 MP: 3/9
  1523 | D:2      | Noticed Natasha
  1604 | D:2      | Killed Natasha
  1656 | D:2      | Reached skill level 1 in Conjurations
  1908 | D:2      | Learned a level 4 spell: Petrify
  2628 | D:3      | Found a white marble altar of Elyvilon.
  2940 | D:3      | Reached skill level 5 in Earth Magic
  3122 | D:3      | Reached XP level 6. HP: 35/35 MP: 3/10
  3634 | D:3      | Noticed Sigmund
  3640 | D:3      | Killed Sigmund
  3949 | D:4      | Reached XP level 7. HP: 37/40 MP: 5/12
  5075 | D:5      | Entered Level 5 of the Dungeon
  5131 | D:5      | Reached skill level 6 in Earth Magic
  5723 | D:5      | Reached XP level 8. HP: 29/46 MP: 0/14
  5878 | D:5      | Learned a level 5 spell: Lee's Rapid Deconstruction
  6526 | D:5      | Found an ornate altar of the Wu Jian Council.
  7964 | D:5      | Reached skill level 5 in Spellcasting
  7964 | D:5      | Reached skill level 7 in Earth Magic
  7971 | D:5      | Got an ancient steel ring
  7975 | D:5      | Identified the cursed ring "Deicla" {rC++ Int+2 Dex-4} (You
                  | found it on level 5 of the Dungeon)
  8016 | D:6      | Noticed Dowan
  8911 | D:6      | Reached skill level 5 in Stealth
  8922 | D:6      | Noticed Duvessa
  9320 | D:5      | Killed Duvessa
  9596 | D:5      | Killed Dowan
  9597 | D:5      | Reached XP level 9. HP: 52/52 MP: 4/17
 10020 | D:6      | Reached skill level 8 in Earth Magic
 11310 | D:7      | Noticed Pikel
 11609 | D:6      | Killed Pikel
 11610 | D:6      | Reached skill level 5 in Fighting
 11731 | D:7      | Reached skill level 9 in Earth Magic
 12135 | D:7      | Found a staircase to the Ecumenical Temple.
 12202 | Temple   | Entered the Ecumenical Temple
 12514 | Temple   | Became a worshipper of Sif Muna the Loreminder
 12575 | D:7      | Reached XP level 10. HP: 59/59 MP: 13/20
 12672 | D:7      | Killed an unseen horror
 12673 | D:7      | Reached skill level 5 in Conjurations
 13636 | D:7      | Reached skill level 10 in Earth Magic
 14428 | D:7      | Reached * piety under Sif Muna
 14779 | D:8      | Found a staircase to the Lair.
 15145 | D:8      | Reached skill level 5 in Dodging
 16309 | D:8      | Reached ** piety under Sif Muna
 16403 | D:8      | Found Korech's Antique Weapon Emporium.
 17226 | D:9      | Reached XP level 11. HP: 66/66 MP: 19/23
 17301 | D:9      | Found Hiar's Gadget Shop.
 17328 | D:9      | Bought a wand of iceblast (12) for 192 gold pieces
 17419 | D:9      | Noticed Harold
 17422 | D:9      | Killed Harold
 17423 | D:9      | Reached skill level 11 in Earth Magic
 18235 | D:9      | Found a staircase to the Orcish Mines.
 18522 | D:9      | Found a runed translucent door.
 18522 | D:9      | Noticed Zeld's ghost (novice DrGl)
 18594 | D:10     | Entered Level 10 of the Dungeon
 18726 | D:10     | Found a runed translucent gate.
 18727 | D:10     | Found a runed translucent gate.
 18727 | D:10     | Found a runed translucent gate.
 18727 | D:10     | Noticed a white ugly thing
 18728 | D:10     | Noticed a cyan ugly thing
 18730 | D:10     | Noticed a green ugly thing
 18763 | D:10     | Noticed a cyan ugly thing
 18882 | D:10     | Found Yrintebb's Demolitions Depot.
 18896 | D:10     | Bought a wand of flame (14) for 96 gold pieces
 18896 | D:10     | Bought a wand of flame (20) for 132 gold pieces
 20197 | D:9      | Killed Zeld's ghost
 20554 | D:11     | Killed an unseen horror
 20936 | D:11     | Noticed a cyclops
 20939 | D:11     | Killed a cyclops
 21083 | D:11     | Reached *** piety under Sif Muna
 21083 | D:11     | Noticed Urug
 21093 | D:11     | Killed Urug
 21867 | D:12     | Noticed Frances
 21887 | D:12     | Noticed a soul eater
 21888 | D:12     | Killed Frances
 21889 | D:12     | Reached skill level 12 in Earth Magic
 22049 | D:12     | Noticed a deep elf mage
 22053 | D:12     | Killed a deep elf mage
 22054 | D:12     | Reached XP level 12. HP: 73/73 MP: 18/25
 22164 | D:12     | Found Purchof's Assorted Antiques.
 22630 | D:12     | Bought a potion of curing for 87 gold pieces
 22630 | D:12     | Bought a cloak for 130 gold pieces
 22940 | D:12     | Found a portal to a secret trove of treasure.
 22955 | D:12     | Noticed a boulder beetle
 23724 | D:12     | Killed a boulder beetle
 23725 | D:12     | Reached skill level 1 in Invocations
 23789 | D:12     | Noticed an eight-headed hydra
 23797 | D:12     | Killed an eight-headed hydra
 25206 | D:13     | Reached skill level 10 in Spellcasting
 25881 | D:13     | Reached skill level 13 in Earth Magic
 26701 | D:14     | Noticed a two-headed ogre
 26709 | D:14     | Killed a two-headed ogre
 26766 | D:14     | Noticed a two-headed ogre
 26788 | D:14     | Noticed a centaur warrior
 26797 | D:14     | Killed a centaur warrior
 26804 | D:14     | Noticed a death knight
 26804 | D:14     | Demolished by a phantasmal warrior

Illustrated notes

Levels and vault maps discovered:
D:1:      lemuel_arrival_cross, layout_basic, interstate_on_off
D:2:      layout_loops_cross, minmay_misc_feat_plants, uniq_natasha,
          uniq_jessica
D:3:      layout_basic, elyvilon_altar_4, minmay_pentangle, uniq_sigmund
D:4:      layout_basic
D:5:      layout_basic, basic_altar
D:6:      layout_basic, eino_small_chamber_without_monster, uniq_duvessa
D:7:      layout_layer_cave, temple_hall, kb_rosetta, uniq_pikel
D:8:      layout_basic, erik_lair_island, serial_shops, shop
D:9:      layout_long_grid, erik_orc_1, ebering_ghost_inner_flame, serial_shops,
          shop, dk_noncrumbling_3, uniq_harold
D:10:     layout_basic, ploomutoo_gammafunk_ghost_potion_laboratory,
          nicolae_blasting_shop, minmay_misc_feat_room
D:11:     minmay_angry_zag, layout_long_grid, uniq_urug
D:12:     layout_layer_cave, serial_shops, shop,
          nicolae_trove_entry_free_sample, uniq_frances
D:13:     layout_roguey
D:14:     layout_basic, grunt_vaults_entry_tiered, serial_glass,
          glass_columns_a, glass_columns_a, hangedman_incinerator
Temple:   nicolae_temple_the_god_donut

Skill      XL: |  1  2  3  4  5  6  7  8  9 10 11 12 |
---------------+-------------------------------------+-----
Transmutations | 1 |  1.0
Earth Magic    | 4 5 6 7 9 10 12 13 | 13.3
Fighting       | 1 2 3 4 5 6 7 8 |  8.6
Dodging        | 2 3 4 5 6 |  6.7
Stealth        | 3 4 5 |  5.0
Spellcasting   | 3 4 5 6 8 9 10 | 10.4
Conjurations   | 1 2 3 4 6 7 8 |  8.3
Invocations    | 3 |  3.4

Action                   |  1- 3 |  4- 6 |  7- 9 | 10-12 || total
-------------------------+-------+-------+-------+-------++-------
Melee: Unarmed           |     7 |    19 |    55 |       ||    81
       Staff             |       |       |    31 |    91 ||   122
 Cast: Sandblast         |    39 |    78 |     3 |    32 ||   152
       Stone Arrow       |       |     7 |   179 |   314 ||   500
       Passwall          |       |       |     6 |       ||     6
       Lee's Rapid Decon |       |       |     1 |    31 ||    32
       Petrify           |       |       |       |     5 ||     5
Invok: Channel Magic     |       |       |       |     1 ||     1
Evoke: Lightning rod     |       |       |       |     5 ||     5
       Wand              |       |       |       |     5 ||     5
  Use: Scroll            |       |     8 |     5 |    11 ||    24
       Potion            |       |       |       |     2 ||     2
 Stab: Sleeping          |       |       |     1 |       ||     1
Armor: Robe              |     8 |    12 |    85 |    49 ||   154
       Troll leather arm |       |       |       |    98 ||    98
Dodge: Dodged            |    17 |    42 |   155 |   211 ||   425
